 Dungeon Crawl Stone Soup version 0.20-a0-1017-gc3250ce (webtiles) character file.

5481 MatthieuS the Cleaver (level 10, -13/94 HPs)
             Began as a Minotaur Berserker on Apr 18, 2017.
             Was a High Priest of Trog.
             Mangled by a two-headed ogre
             ... wielding a +0 giant club
              (17 damage)
             ... on level 9 of the Dungeon.
             The game lasted 00:19:51 (8617 turns).

MatthieuS the Cleaver (Minotaur Berserker)          Turns: 8617, Time: 00:19:51

Health: -13/94     AC:  9    Str: 24    XL:     10   Next: 42%
Magic:  9/9        EV: 16    Int:  5    God:    Trog [*****.]
Gold:   383        SH:  0    Dex: 15    Spells: 9/9 levels left

rFire    + . .     SeeInvis +   w - +0 battleaxe
rCold    . . .     Gourm    .   (shield currently unavailable)
rNeg     . . .     Faith    +   G - +0 scale mail {MR+}
rPois    .         Spirit   .   (helmet restricted)
rElec    .         Reflect  .   p - +0 cloak
rCorr    .         Harm     .   (no gloves)
MR       +....                  b - +0 pair of boots
Stlth    +.........             v - amulet of faith
Regen    0.3/turn               o - ring of protection from fire
MPRegen  0.2/turn               r - ring of see invisible

@: agile, drained
A: retaliatory headbutt, horns 2
a: Berserk, Trog's Hand, Brothers in Arms, Burn Spellbooks, Renounce Religion


You were on level 9 of the Dungeon.
You worshipped Trog.
Trog was extremely pleased with you.
You were very full.

You visited 1 branch of the dungeon, and saw 9 of its levels.

You collected 383 gold pieces.

Inventory:

Hand Weapons
 w - a +0 battleaxe (weapon)
Missiles
 q - 2 exploding tomahawks
 E - 5 poisoned tomahawks (quivered)
Armour
 b - a +0 pair of boots (worn)
 p - a +0 cloak (worn)
 G - a +0 scale mail of magic resistance (worn)
Jewellery
 o - a ring of protection from fire (left hand)
 r - a ring of see invisible (right hand)
 v - an amulet of faith (around neck)
Wands
 l - a wand of polymorph (7/24)
Scrolls
 e - 2 scrolls of fog
 i - a scroll of magic mapping
 j - a scroll of enchant weapon {unknown}
 s - 3 scrolls of recharging
 u - 6 scrolls of remove curse
 y - 3 scrolls of teleportation
 z - a scroll of immolation {unknown}
Potions
 f - 3 potions of curing
 k - a potion of mutation {unknown}
 m - a potion of heal wounds {unknown}
 n - a potion of berserk rage
 t - a potion of lignification {unknown}
 x - a potion of haste {unknown}
 B - 2 potions of flight
 D - a potion of might {unknown}
 F - a potion of brilliance {unknown}
Comestibles
 a - 3 chunks of flesh
 c - 2 bread rations
 d - 5 meat rations
 g - a royal jelly
 A - 5 fruits


   Skills:
 + Level 10.8(10.3) Fighting
 * Level 14.3(13.7) Axes
 + Level 5.9(5.4) Armour
 - Level 2.1(1.7) Dodging


You had 9 spell levels left.
You didn't know any spells.

Dungeon Overview and Level Annotations

Branches:
Dungeon (9/15)             Temple (0/1) D:7            Lair (0/6) D:9
    Orc: D:9-12

Altars:
Dithmenos
Fedhas
Okawaru
Qazlal
Ru
Sif Muna
Uskayaw
Vehumet
Xom
Zin

Shops:
D:6 [


Innate Abilities, Weirdness & Mutations

You reflexively headbutt those who attack you in melee.
You have a pair of horns on your head.


Message History

No target in view!
No target in view!
A two-headed ogre comes into view. It is wielding two giant clubs.
The two-headed ogre shouts in stereo!
The two-headed ogre hits you with a giant club!! x2
You are too injured to fight recklessly!
You are too injured to fight recklessly!
You are too injured to fight recklessly!
You feel agile all of a sudden.
The two-headed ogre hits you with a giant club!
The two-headed ogre hits you with a giant club!!
* * * LOW HITPOINT WARNING * * *
You enter the shallow water.
Moving in this stuff is going to be slow.
The two-headed ogre hits you with a giant club!
* * * LOW HITPOINT WARNING * * *
The two-headed ogre misses you. The two-headed ogre closely misses you.
The two-headed ogre hits you with a giant club!
You die...

#≈≈≈≈≈≈≈# #.......(# #.# #
#≈≈≈≈≈≈###........# #.### ≈≈
#≈≈≈≈≈#.......#### #.#..
≈≈≈####≈≈†##.##....# #.#.#
≈≈≈≈....≈#<..#.....# #.#.#
≈≈≈≈≈##.######.....######.#.#
≈≈≈≈≈≈#)###...............#.#
≈≈≈≈≈≈≈.))....>#[.#########.#
≈≈≈≈≈≈≈.....@..#..# #.#
≈≈≈≈≈≈#≈≈##.#O.≈≈.# #.#
≈≈≈≈≈.≈≈≈≈#.#.≈≈≈≈#########.#
≈≈≈≈#≈≈≈≈≈≈..≈≈≈≈≈≈....(.....
≈≈≈##.≈≈≈≈###.≈≈≈≈#########.#
≈≈. #.#≈≈## #.#≈≈.# ######...
## #.#.## #.###.# #....#..#
#$ #.# #.###.##.#..# ..
#........#..#


You could see a two-headed ogre.

Vanquished Creatures
  A two-headed ogre (D:8)
  Joseph (D:8)
  Grinder (D:5)
  2 hippogriffs
  Sigmund (D:3)
  2 orc warriors
  A phantom (D:9)
  An eye of draining (D:8)
  3 sky beasts
  A black bear (D:6)
  An ogre (D:4)
  3 centaurs
  A bullfrog (D:7)
  3 scorpions
  17 killer bees
  4 wights (D:9)
  A howler monkey (D:7)
  3 electric eels (D:9)
  4 crimson imps
  A jelly (D:6)
  Crazy Yiuf (D:7)
  5 hounds
  5 orc priests
  11 orc wizards
  A bullfrog skeleton (D:8)
  3 iguanas
  7 worker ants
  3 hound skeletons
  4 gnolls
  15 adders
  A shadow imp (D:6)
  4 adder skeletons
  A worm (D:2)
  2 dart slugs
  4 leopard geckos
  34 orcs
  7 bats
  15 giant cockroaches
  4 goblins
  8 hobgoblins
  10 jackals
  4 quokkas
  3 ball pythons
  5 frilled lizards
  A giant cockroach zombie (D:5)
  A jackal skeleton (D:7)
  8 kobolds
  3 quokka skeletons
  11 rats
233 creatures vanquished.

Notes
Turn   | Place    | Note
-------+----------+-------------------------------------------
     0 | D:1      | MatthieuS the Minotaur Berserker began the quest for the Orb.
     0 | D:1      | Reached XP level 1. HP: 19/19 MP: 0/0
    84 | D:1      | Reached skill level 4 in Axes
   205 | D:1      | Reached XP level 2. HP: 27/27 MP: 1/1
   595 | D:1      | Reached ** piety under Trog
  1023 | D:2      | Reached XP level 3. HP: 33/33 MP: 2/2
  1250 | D:2      | Found a shadowy altar of Dithmenos.
  1289 | D:2      | Reached skill level 5 in Axes
  1514 | D:2      | Reached XP level 4. HP: 32/41 MP: 3/3
  1703 | D:2      | Found a shimmering altar of Xom.
  1873 | D:3      | Reached skill level 5 in Fighting
  1873 | D:3      | Reached skill level 6 in Axes
  1873 | D:3      | Reached XP level 5. HP: 48/48 MP: 4/4
  1875 | D:3      | Reached *** piety under Trog
  2195 | D:3      | Reached skill level 7 in Axes
  2234 | D:3      | Noticed Sigmund
  2240 | D:3      | Killed Sigmund
  2240 | D:3      | Reached XP level 6. HP: 57/57 MP: 5/5
  2392 | D:3      | Received a gift from Trog
  2510 | D:3      | Reached skill level 8 in Axes
  2786 | D:4      | Reached XP level 7. HP: 63/63 MP: 6/6
  2794 | D:4      | Reached **** piety under Trog
  3087 | D:4      | Reached skill level 9 in Axes
  3095 | D:4      | Found a hide-covered altar of Uskayaw.
  3234 | D:5      | Entered Level 5 of the Dungeon
  3422 | D:5      | Noticed Grinder
  3442 | D:5      | Killed Grinder
  3759 | D:5      | Reached XP level 8. HP: 63/73 MP: 7/7
  3797 | D:5      | Found an iron altar of Okawaru.
  4160 | D:6      | Reached skill level 10 in Axes
  4319 | D:6      | Found a blossoming altar of Fedhas.
  4351 | D:6      | HP: 4/109 [centaur (6)]
  4667 | D:6      | Reached skill level 11 in Axes
  4683 | D:6      | Reached ***** piety under Trog
  4741 | D:6      | Found a stormy altar of Qazlal.
  4763 | D:6      | Found a radiant altar of Vehumet.
  4833 | D:6      | Found Plog's Armour Shoppe.
  5363 | D:7      | Noticed a hippogriff
  5380 | D:7      | Killed a hippogriff
  5380 | D:7      | Reached XP level 9. HP: 29/82 MP: 8/8
  5581 | D:7      | Reached skill level 12 in Axes
  6160 | D:7      | Found a runed door.
  6165 | D:7      | Noticed Crazy Yiuf
  6167 | D:7      | Killed Crazy Yiuf
  6249 | D:7      | Found a glowing silver altar of Zin.
  6354 | D:7      | Received a gift from Trog
  6360 | D:7      | Reached skill level 13 in Axes
  6441 | D:7      | Found a deep blue altar of Sif Muna.
  6476 | D:7      | Found a staircase to the Ecumenical Temple.
  6478 | D:7      | Found a faded altar of an unknown god.
  6872 | D:8      | Noticed a two-headed ogre
  6886 | D:8      | Killed a two-headed ogre
  6886 | D:8      | Reached skill level 10 in Fighting
  6886 | D:8      | Reached XP level 10. HP: 34/93 MP: 9/9
  7269 | D:8      | Noticed Joseph
  7276 | D:8      | Killed Joseph
  7276 | D:8      | Reached skill level 5 in Armour
  7940 | D:8      | Reached skill level 14 in Axes
  8217 | D:9      | Found a staircase to the Lair.
  8436 | D:9      | Found a sacrificial altar of Ru.
  8589 | D:9      | Noticed a two-headed ogre
  8613 | D:9      | HP: 3/94 [two-headed ogre/giant club (10)]
  8617 | D:9      | Mangled by a two-headed ogre

Vault maps used:
D:1:      scummos_arrival_forest, hangedman_abyss_or_decor_stabs
D:2:      grunt_dithmenos_smoke_and_mirrors, tgw_xom
D:3:      minmay_roachtagon, minmay_misc_feat_ornament, uniq_sigmund
D:4:      marbit_many_paths
D:5:      kennysheep_okawaru_gauntlet, first_bread, serial_park_tiny_1,
          uniq_grinder
D:6:      vehumet_crystals, grunt_qazlal_clouds, serial_shops, shop,
          fedhas_bush_and_centaur_altar
D:7:      old_standard_altar, zin_statuary, nicolae_temple_entry_ecumenical,
          uniq_crazy_yiuf_cottage
D:8:      uniq_joseph
D:9:      nicolae_ru_great_annihilating_truth, lair_entry_dummy

Skill      XL: |  1  2  3  4  5  6  7  8  9 10 |
---------------+-------------------------------+-----
Axes           | 4 5 6 7 8 9 11 13 14 | 14.3
Fighting       | 4 5 6 7 8 10 | 10.8
Armour         | 4 5 |  5.9
Dodging        | |  2.1

Action                   |  1- 3 |  4- 6 |  7- 9 | 10-12 || total
-------------------------+-------+-------+-------+-------++-------
Melee: Hand axe          |    97 |   106 |   280 |       ||   483
       Headbutt          |    14 |    24 |    72 |    19 ||   129
       War axe           |       |       |   105 |    40 ||   145
       Battleaxe         |       |       |       |    34 ||    34
Throw: Tomahawk          |       |       |     8 |     4 ||    12
Invok: Berserk           |       |     3 |     6 |     3 ||    12
       Trog's Hand       |       |     1 |     6 |     4 ||    11
       Burn Spellbooks   |       |       |       |     1 ||     1
  Use: Scroll            |       |       |    12 |     3 ||    15
       Potion            |       |       |     2 |     2 ||     4
 Stab: Sleeping          |     1 |       |       |       ||     1
  Eat: Chunk             |     2 |     6 |     5 |     2 ||    15
       Bread ration      |       |       |     3 |     3 ||     6
       Meat ration       |       |       |     1 |       ||     1
Armor: Animal skin       |     7 |       |       |       ||     7
       Scale mail        |    14 |    43 |    95 |    20 ||   172
       Plate armour      |       |       |    40 |       ||    40
Dodge: Dodged            |    46 |    58 |   149 |    32 ||   285
